 Dungeon Crawl Stone Soup version 0.27-a0-1066-g29160eaed2 (webtiles) character file.

Game seed: 18130126957806517207

6 LordDeathwing the Skirmisher (level 1, -1/14 (20) HPs)
             Began as a Hill Orc Fighter on Apr 24, 2021.
             Killed from afar by a dart slug (4 damage)
             ... with a slug dart
             ... on level 1 of the Dungeon.
             The game lasted 00:00:43 (487 turns).

LordDeathwing the Skirmisher (Hill Orc Fighter)      Turns: 487, Time: 00:00:43

HP:   -1/14 (20)    AC:  6    Str: 18    XL:     1   Next: 90%
MP:   1/1           EV:  7    Int:  8    God:
Gold: 6             SH:  9    Dex: 10    Spells: 0/0 levels left

rFire    . . .     SeeInvis .   a - +0 war axe
rCold    . . .     Faith    .   c - +0 kite shield
rNeg     . . .     Spirit   .   b - +0 scale mail
rPois    .         Reflect  .   (no helmet)
rElec    .         Harm     .   (no cloak)
rCorr    .         Rampage  .   (no gloves)
Will     .....                  (no boots)
Stlth    ..........             (no amulet)
HPRegen  0.04/turn              (no ring)
MPRegen  0.07/turn              (no ring)

@: very heavily drained
A: no striking features
a: no special abilities


You were on level 1 of the Dungeon.
You visited 1 branch of the dungeon, and saw 1 of its levels.

You collected 6 gold pieces.

Inventory:

Hand Weapons
 a - a +0 war axe (weapon)
Armour
 b - a +0 scale mail (worn)
 c - a +0 kite shield (worn)
Scrolls
 e - a scroll of teleportation {unknown}
 f - a scroll of identify {unknown}
Potions
 d - a potion of might


   Skills:
 + Level 3.7 Fighting
 * Level 2.9 Axes
 * Level 3.4 Armour
 + Level 0.2 Stealth
 + Level 3.3 Shields


You couldn't memorise any spells.
You didn't know any spells.
Your spell library was empty.

Dungeon Overview and Level Annotations

Branches:
Dungeon (1/15)

Altars:


Message History

You feel drained.
A dart slug comes into view.
You closely miss the kobold.
The kobold is severely wounded.
You block the kobold's attack.
The kobold hits you with a +2 whip of draining.
You feel drained.
You barely miss the kobold.
The kobold is severely wounded.
The kobold closely misses you.
You closely miss the kobold.
The kobold is severely wounded.
You block the kobold's attack.
The kobold hits you with a +2 whip of draining.
You feel drained.
You closely miss the kobold.
The kobold is severely wounded.
You block the kobold's attack.
The kobold hits you with a +2 whip of draining!
* * * LOW HITPOINT WARNING * * *
You feel drained.
* * * LOW HITPOINT WARNING * * *
You are too injured to fight recklessly!
You barely miss the kobold.
The kobold is severely wounded.
You block the kobold's attack.
You closely miss the kobold.
The kobold is severely wounded.
The kobold hits you but does no damage.
You feel drained. The kobold hits you but does no damage.
You feel drained.
You closely miss the kobold.
The kobold is moderately wounded.
You hit the dart slug. The kobold barely misses you.
The dart slug bites you but does no damage.
You hit the kobold.
You kill the kobold!
You hit the dart slug. The dart slug launches a dart at you.
The slug dart hits you.
You die...

###♣♣##
####..... ..#
#.##....# #.#
#........ #.#
#####.####..#
#.#
#............
#.#
#.###.####...
#.# #.#
#.#####.#
#.#####.###.#
#........
#....)@.....#
#######.#
......w..###.#
#.# ##########
#.# #.. ###
###


You could see a dart slug.

Vanquished Creatures
  A dart slug (D:1)
  A frilled lizard (D:1)
  2 goblins (D:1)
  A kobold (D:1)
  A rat (D:1)
6 creatures vanquished.

Notes
Turn   | Place    | Note
-------+----------+-------------------------------------------
     0 | D:1      | LordDeathwing the Hill Orc Fighter began the quest for the
                  | Orb.
     0 | D:1      | Reached XP level 1. HP: 19/19 MP: 1/1
   487 | D:1      | Killed from afar by a dart slug

Illustrated notes

Levels and vault maps discovered:
D:1:      nzn_arrival_settlement, layout_basic, st_stairs_12

Action                   || total
-------------------------++-------
Melee: War axe           ||    24
Armor: Scale mail        ||     5
Dodge: Dodged            ||     5
Block: Kite shield       ||    18

Table legend: (Time is in decaauts)
 A = Elapsed time spent in this place.
 B = Non-inter-level travel time spent in this place.
 C = Inter-level travel time spent in this place.
 D = Time resting spent in this place.
 E = Time spent auto-exploring this place.
 F = Levels seen in this place.
 G = Mean time per level.
                   A        B        C        D        E       F      G
               +--------+--------+--------+--------+--------+-----+--------+
         Total |    500 |    500 |      0 |      0 |    431 |   1 |  500.0 |
       Dungeon |    500 |    500 |      0 |      0 |    431 |   1 |  500.0 |
               +--------+--------+--------+--------+--------+-----+--------+

Top non-repeatable levels by time:
     D:1: 500 daAuts
